 Dungeon Crawl Stone Soup version 0.28.0-49-g6dfe1f597d (webtiles) character file.

Game seed: 7070472915305218535

209 nickcage the Stinger (level 5, -5/38 HPs)
             Began as a Draconian Venom Mage on May 18, 2022.
             Slain by a wyvern zombie (7 damage)
             ... on level 4 of the Dungeon.
             The game lasted 00:08:19 (3904 turns).

nickcage the Stinger (Draconian Venom Mage)         Turns: 3904, Time: 00:08:19

Health: -5/38      AC:  6    Str: 13    XL:     5   Next: 55%
Magic:  6/9        EV: 11    Int: 17    God:
Gold:   166        SH:  0    Dex:  8    Spells: 3/9 levels left

rFire   . . .      SeeInvis +   i - +3 dagger "Ubre" {venom, rN++ Str+2 Dex-3}
rCold   . . .      Faith    .   (no shield)
rNeg    + + .      Spirit   .   (armour unavailable)
rPois   .          Reflect  .   (helmet restricted)
rElec   .          Harm     .   m - +0 cloak
rCorr   .          Rampage  .   (no gloves)
Will    .....                   (no boots)
Stlth   +.........              (no amulet)
HPRegen 0.12/turn               f - ring of see invisible
MPRegen 0.11/turn               (no ring)

@: no status effects
A: AC +5, unfitting armour, cold-blooded
a: no special abilities


You were on level 4 of the Dungeon.
You visited 1 branch of the dungeon, and saw 4 of its levels.

You collected 166 gold pieces.

Inventory:

Hand Weapons
 c - a +4 mace
 i - the +3 dagger "Ubre" (weapon) {venom, rN++ Str+2 Dex-3}
   (You found it on level 2 of the Dungeon)

   It poisons the flesh of those it strikes.
   Str:       It affects your strength (+2).
   Dex:       It affects your dexterity (-3).
   rN:        It greatly protects you from negative energy.
Armour
 m - a +0 cloak (worn)
Jewellery
 f - a ring of see invisible (left hand)
Scrolls
 b - a scroll of identify {unknown}
 e - a scroll of enchant armour {unknown}
 j - a scroll of immolation {unknown}
 k - 2 scrolls of fog {unknown}
Potions
 a - a potion of magic {unknown}
 d - a potion of flight {unknown}
 g - a potion of degeneration {unknown}
 h - 2 potions of brilliance {unknown}
 l - a potion of might {unknown}


   Skills:
 - Level 1.7 Dodging
 - Level 1.7 Stealth
 + Level 2.7 Spellcasting
 - Level 1.0 Transmutations
 + Level 5.9 Poison Magic


You had 3 spell levels left.
You knew the following spells:

 Your Spells              Type           Power      Damage    Failure   Level
a - Sting                 Tmut/Pois      56%        1d5       4%          1
b - Poisonous Vapours     Pois/Air       24%        N/A       8%          2
c - Mephitic Cloud        Conj/Pois/Air  9%         N/A       24%         3

Your spell library contained the following spells:

 Spells                   Type           Power      Damage    Failure   Level
 Olgreb's Toxic Radiance  Pois           22%        N/A       16%         4


Dungeon Overview and Level Annotations

Branches:
Dungeon (4/15)
 Temple: D:4-7

Altars:
Cheibriados
The Shining One


Innate Abilities, Weirdness & Mutations

Your plain brown scales are hard. (AC +5)
You cannot fit into any form of body armour.
You are cold-blooded and may be slowed by cold attacks.


Message History

The sting misses the kobold.
The sting hits the wyvern zombie but does no damage.
The wyvern zombie is lightly damaged.
The kobold barely misses you.
The sting misses the kobold.
The sting hits the wyvern zombie but does no damage.
The wyvern zombie is lightly damaged.
The kobold closely misses you.
You closely miss the kobold.
The kobold is moderately wounded.
You kill the kobold!
The wyvern zombie bites you!
You are too injured to fight recklessly!
You are too injured to fight recklessly!
You are too injured to fight recklessly!
You are too injured to fight recklessly!
You barely miss the wyvern zombie.
Your tail-slap misses the wyvern zombie.
The wyvern zombie is lightly damaged.
The wyvern zombie bites you but does no damage.
You hit the wyvern zombie but do no damage.
You tail-slap the wyvern zombie, but do no damage.
The wyvern zombie is lightly damaged.
The wyvern zombie completely misses you.
You hit the wyvern zombie.
The wyvern zombie is moderately damaged.
The wyvern zombie bites you!
* * * LOW HITPOINT WARNING * * *
The wyvern zombie barely misses you.
You hit the wyvern zombie but do no damage.
You tail-slap the wyvern zombie.
The wyvern zombie is moderately damaged.
The wyvern zombie bites you.
* * * LOW HITPOINT WARNING * * *
You hit the wyvern zombie.
The wyvern zombie is moderately damaged.
The wyvern zombie bites you but does no damage.
The wyvern zombie barely misses you.
Found a scroll labelled HAUTISHR COKA.
The wyvern zombie bites you!
You die...

#.###.#####.# .. #†#
#.......# #<#
######..#######. #.#
#.......... #.#
####.#..###### #.#
#............## #.#
#.##.#######..## ..#
###.##.### ##..# ..#
#.....@..# ##.######
..##?.##...Z.#
##......#
#.....######.....#..
#.........).......#
###########.......#
#.†.....##
##......(. #.....###
#.......#


You could see a wyvern zombie.

Vanquished Creatures
  7 gnolls
  9 adders
  An ufetubus (D:3)
  2 worms
  A dart slug (D:3)
  3 orcs (D:3)
  6 endoplasms
  2 giant cockroaches
  3 hobgoblins
  2 quokkas (D:1)
  3 ball pythons (D:1)
  4 bats
  A frilled lizard (D:2)
  7 goblins
  A kobold (D:4)
  A rat (D:1)
53 creatures vanquished.

Notes
Turn   | Place    | Note
-------+----------+-------------------------------------------
     0 | D:1      | nickcage the Draconian Venom Mage began the quest for the
                  | Orb.
     0 | D:1      | Reached XP level 1. HP: 14/14 MP: 3/3
   246 | D:1      | Reached XP level 2. HP: 19/20 MP: 0/5
   742 | D:1      | Found a faded altar of an unknown god.
   790 | D:2      | Identified the +3 dagger "Ubre" {venom, rN++ Str+2 Dex-3}
   822 | D:2      | Reached skill level 4 in Poison Magic
  1144 | D:2      | Reached XP level 3. HP: 25/26 MP: 3/6
  1147 | D:2      | Learned a level 2 spell: Poisonous Vapours
  1151 | D:2      | Learned a level 3 spell: Mephitic Cloud
  1334 | D:2      | Found a glowing golden altar of the Shining One.
  1546 | D:2      | Reached XP level 4. HP: 22/33 MP: 4/7
  1562 | D:2      | Reached skill level 5 in Poison Magic
  2456 | D:3      | Found a snail-covered altar of Cheibriados.
  2625 | D:3      | Reached XP level 5. HP: 22/38 MP: 1/8
  3711 | D:4      | Noticed a black bear
  3897 | D:4      | HP: 1/38 [wyvern zombie (5)]
  3904 | D:4      | Slain by a wyvern zombie

Illustrated notes

Levels and vault maps discovered:
D:1:      lightli_arrival_statuegarden, layout_rooms,
          dilly_ecumenical_altar_fadedgnrine
D:2:      layout_loops_ring, basic_altar
D:3:      layout_basic, kennysheep_slug_shrine
D:4:      layout_rooms, minmay_temple_entry_butterflies, serial_shops, shop

Skill      XL: |  1  2  3  4 |
---------------+-------------+-----
Poison Magic   | 4 5 |  5.9
Dodging        | |  1.7
Stealth        | |  1.7
Spellcasting   | |  2.7
Transmutations | |  1.0

Action                   |  1- 3 |  4- 6 || total
-------------------------+-------+-------++-------
Melee: Mace              |    14 |       ||    14
       Unarmed           |     8 |       ||     8
       Tailslap          |     2 |     3 ||     5
       Dagger            |    10 |    48 ||    58
 Cast: Sting             |    44 |    63 ||   107
 Stab: Sleeping          |     2 |     2 ||     4
Armor: Skin              |    17 |    33 ||    50
Dodge: Dodged            |    38 |    46 ||    84
